 Dungeon Crawl Stone Soup version 0.22-a0-425-g89d60a1 (webtiles) character file.

11 Gorice the Skirmisher (level 2, 13/24 HPs)
             Began as a Demonspawn Wanderer on May 24, 2018.
             Quit the game on level 1 of the Dungeon.
             The game lasted 00:01:05 (60 turns).

Gorice the Skirmisher (Demonspawn Wanderer)           Turns: 60, Time: 00:01:06

Health: 13/24      AC:  2    Str: 15    XL:     2   Next: 13%
Magic:  2/2        EV: 11    Int: 12    God:
Gold:   0          SH:  0    Dex: 10    Spells: 1/1 levels left

rFire    . . .     SeeInvis .   b - +0 shortbow
rCold    . . .     Gourm    .   (shield currently unavailable)
rNeg     . . .     Faith    .   e - +0 robe
rPois    .         Spirit   .   (no helmet)
rElec    .         Reflect  .   (no cloak)
rCorr    .         Harm     .   (no gloves)
MR       .....                  (no boots)
Stlth    ++........             (no amulet)
HPRegen  0.08/turn              (no ring)
MPRegen  0.08/turn              (no ring)

@: no status effects
A: talons 1
a: no special abilities


You were on level 1 of the Dungeon.
You were not hungry.

You visited 1 branch of the dungeon, and saw 1 of its levels.

Inventory:

Hand Weapons
 b - a +0 shortbow (weapon)
 f - a +0 dagger
Missiles
 c - 30 arrows (quivered)
Armour
 e - a +0 robe (worn)
Potions
 d - a potion of curing
Comestibles
 a - 5 chunks of flesh
 g - a ration


   Skills:
 - Level 3.0 Fighting
 - Level 1.6 Short Blades
 * Level 0.0 Bows
 - Level 1.7 Stealth
   Level 2.6 Transmutations
   Level 1.7 Fire Magic


You had one spell level left.
You didn't know any spells.
Your spell library contained the following spells:

 Spells                   Type           Power        Failure   Level  Hunger
 Fireball                 Conj/Fire      #.........   100%        5    ######.
 Conjure Flame            Conj/Fire      #.......     56%         3    ####...
 Throw Flame              Conj/Fire      #.....       34%         2    ###....
 Sticky Flame             Conj/Fire      #.......     93%         4    #####..
 Flame Tongue             Conj/Fire      #....        24%         1    ##.....
 Inner Flame              Hex/Fire       #.......     56%         3    ####...


Dungeon Overview and Level Annotations

Branches:
Dungeon (1/15)

Altars:


Innate Abilities, Weirdness & Mutations

You have sharp toenails.


Message History

Aim: a dart slug (clinging)
You shoot an arrow.
The arrow hits the ooze but does no damage.
The ooze is severely wounded.
The ooze hits you.
Damage: 3 (max 3) Firing (i - inventory)
c - 23 arrows (quivered)
Press: ? - help, Shift-Dir - straight line, f/p - dart slug
Aim: a dart slug (clinging)
You shoot an arrow. The arrow hits the ooze!
You kill the ooze!
Your Short Blades skill increases to level 1!
You have reached level 2!
Your demonic ancestry asserts itself...
Your toenails lengthen and sharpen.
The dart slug launches a dart at you. The slug dart hits you!
Damage: 1 (max 3) Unknown command.
Firing (i - inventory)
c - 22 arrows (quivered)
Press: ? - help, Shift-Dir - straight line, f/p - dart slug
Aim: a dart slug (clinging)
You shoot an arrow. The arrow hits the dart slug.
The dart slug is severely wounded.
Firing (i - inventory)
c - 21 arrows (quivered)
Press: ? - help, Shift-Dir - straight line, f/p - dart slug
Aim: a dart slug (severely wounded, clinging)
You shoot an arrow. The arrow hits the dart slug.
The dart slug is almost dead.
Firing (i - inventory)
c - 20 arrows (quivered)
Press: ? - help, Shift-Dir - straight line, f/p - dart slug
Aim: a dart slug (almost dead, clinging)
You shoot an arrow. The arrow hits the dart slug.
You kill the dart slug!
c - 24 arrows (gained 5)
Things that are here:
a club; a hobgoblin corpse; a bat corpse Butcher a hobgoblin corpse? [(y)es/(n)o/(a)ll/(q)uit/?]
You butcher the hobgoblin corpse.
You butcher the bat corpse.
a - 4 chunks of flesh;
a - 5 chunks of flesh (gained 1)
Things that are here:
a club; a hobgoblin skeleton
c - 25 arrows (gained 1)
c - 26 arrows (gained 1)
c - 27 arrows (gained 1)
c - 28 arrows (gained 1)
c - 29 arrows (gained 1)
c - 30 arrows (gained 1) Are you sure you want to abandon this character and quit the game? (Confirm with "yes".)

# ###########.#
#...........#
#...........#
#...........#
#............
#....@.......
######............
#..)..........#...
###.###.###.###.#
. #.............
...
#.8.⌠⌠⌠>⌠⌠⌠.8.#
.##
#.............# #
#≈≈≈≈≈≈≈≈≈≈≈≈≈#
#≈≈≈≈≈≈≈≈≈≈≈≈≈#


There were no monsters in sight!

Vanquished Creatures
  An ooze (D:1)
  A dart slug (D:1)
  A giant cockroach (D:1)
  A hobgoblin (D:1)
  A bat (D:1)
5 creatures vanquished.

Notes
Turn   | Place    | Note
-------+----------+-------------------------------------------
     0 | D:1      | Gorice the Demonspawn Wanderer began the quest for the Orb.
     0 | D:1      | Gorice set off with: a +0 shortbow, 32 arrows, a potion of curing, a +0 robe, a +0 dagger, a ration
     0 | D:1      | Reached XP level 1. HP: 18/18 MP: 1/1
    34 | D:1      | Reached skill level 1 in Short Blades
    34 | D:1      | Gained mutation: You have sharp toenails. [demonic ancestry]
    34 | D:1      | Reached XP level 2. HP: 16/24 MP: 2/2
    60 | D:1      | Quit the game

Vault maps used:
D:1:      zaba_arrival_water, serial_park_tiny_2, serial_bayou_pond_e,
          minmay_cupped

Skill      XL: |  1 |
---------------+----+-----
Short Blades   | 1 |  1.6
Fighting       | |  3.0
Stealth        | |  1.7
Transmutations | |  2.6
Fire Magic     | |  1.7

Action                   || total
-------------------------++-------
 Fire: Shortbow          ||    13
Armor: Robe              ||     3
Dodge: Dodged            ||     5

Table legend:
 A = Spawn XP
 B = Non-spawn XP
 C = Spawn XP percentage of total XP
 D = Spawn monster count
 E = Non-spawn monster count
 F = Spawn count percentage of total count
 G = Total turns spent on level
                    A         B        C        D         E        F      G
               +---------+---------+-------+---------+---------+-------+---------
         Total |       0 |      16 |   0.0 |       0 |       5 |   0.0 |    60
               +---------+---------+-------+---------+---------+-------+---------
           D:1 |       0 |      16 |   0.0 |       0 |       5 |   0.0 |    60
               +---------+---------+-------+---------+---------+-------+---------

Table legend:
 A = Turns spent in this place as a percentage of turns spent in the entire game.
 B = Non-inter-level travel turns spent in this place as a percentage of non-inter-level travel turns spent in the entire game.
 C = Inter-level travel turns spent in this place as a percentage of turns spent in this place.
 D = Turns resting spent in this place as a percentage of non-inter-level travel turns spent in this place.
 E = Turns spent auto-exploring this place as a percentage of non-inter-level travel turns spent in this place.
 F = Non-inter-level travel turns spent in this place divided by the number of levels of this place that you've seen.
                   A       B       C       D       E      F
               +-------+-------+-------+-------+-------+----------------------
         Total | 100.0 | 100.0 |   0.0 |   0.0 |  28.3 |  60.0
       Dungeon | 100.0 | 100.0 |   0.0 |   0.0 |  28.3 |  60.0
               +-------+-------+-------+-------+-------+----------------------

Vault maps used:
D:1:      zaba_arrival_water, serial_park_tiny_2, serial_bayou_pond_e,
          minmay_cupped
